AoeStats
← AJJ

Arabia

510346391Analyzed
1v1 RM · 1d ago on Sep 30, 2026· 60m 35s· 2 players
Game mode
Random Map
Map size
Tiny (2 player)
Population
200
Speed
Normal
Resources
Standard
Victory
Conquest
Starting age
Dark Age
Ending age
Imperial Age
RankedLock teamsTeams togetherTeam positionsShared explorationLock speedFull tech treeHidden civsTurbo modeCheats
Victory
Defeat
🇨🇳 Wei · China
1395
+17
🇴🇲 Jurchens · Oman
1424
-17
不法之徒辣妹
9:00 Feudal Age
9:37 Double-Bit Axe
10:35 Horse Collar
11:54 Loom
19:46 Castle Age
18:02 Fletching
19:36 Gold Mining
20:28 Bodkin Arrow
21:38 Bow Saw
21:30 Heavy Plow
22:06 Crossbowman
23:42 Wheelbarrow
24:13 Town Watch
36:00 Scale Barding Armor
38:06 Chain Barding Armor
39:08 Husbandry
39:19 Bloodlines
44:24 Imperial Age
42:49 Gold Shaft Mining
43:56 Thumb Ring
45:14 Bloodlines
46:32 Parthian Tactics
46:09 Bracer
47:11 Chemistry
46:32 Ballistics
46:53 Hand Cart
46:48 Tuntian
47:12 Conscription
46:53 Tuntian
48:44 Padded Archer Armor
49:21 Ming Guang Armor
49:59 Leather Archer Armor
51:55 Ring Archer Armor
53:55 Masonry
53:26 Treadmill Crane
55:27 Forging
54:39 Light Cavalry
56:24 Hoardings
55:25 Hussar
56:43 Iron Casting
57:56 Murder Holes
58:12 Clinker Construction
59:06 Blast Furnace
AJJ
5:40 Loom
8:21 Feudal Age
9:45 Double-Bit Axe
11:14 Horse Collar
17:00 Fletching
22:08 Castle Age
24:29 Bow Saw
24:29 Padded Archer Armor
25:43 Leather Archer Armor
37:38 Wheelbarrow
45:24 Imperial Age
45:36 Light Cavalry
46:26 Bloodlines
47:57 Forging
47:52 Scale Barding Armor
51:08 Iron Casting
50:54 Chain Barding Armor
51:16 Elite Iron Pagoda
Connection lost

Rejoining the realm…

Still unreachable

The connection could not be restored.

Session expired

The server has moved on; the page needs a fresh start.